 Dungeon Crawl Stone Soup version 0.30-a0-381-g6ea064c7b4 (webtiles) character file.

Game seed: 2530133253892493056

74 qeuew the Covered (level 4, -14/28 HPs)
             Began as a Tengu Fighter on Dec 1, 2022.
             Demolished by an ogre
             ... wielding a +0 giant club
              (19 damage)
             ... on level 3 of the Dungeon.
             The game lasted 00:02:06 (1700 turns).

qeuew the Covered (Tengu Fighter)                   Turns: 1700, Time: 00:02:07

Health: -14/28     AC:  7    Str: 16 (18) XL:     4   Next: 28%
Magic:  5/5        EV:  5    Int:  7 (9)  God:
Gold:   111        SH: 12    Dex: 11 (13) Spells: 3/3 levels left

rFire   . . .      SeeInvis .    a - +1 war axe
rCold   . . .      Faith    .    l - +0 tower shield
rNeg    . . .      Spirit   .    b - +0 scale mail
rPois   .          Reflect  .    (helmet restricted)
rElec   .          Harm     .    (no cloak)
rCorr   +          Rampage  .    (no gloves)
Will    +....                    (boots unavailable)
Stlth   ..........               (no amulet)
HPRegen 0.24/turn                f - ring of willpower
MPRegen 0.09/turn                i - ring of resist corrosion

@: no status effects
A: beak, talons 3
a: no special abilities


You were on level 3 of the Dungeon.
You visited 1 branch of the dungeon, and saw 3 of its levels.

You collected 111 gold pieces.

Inventory:

Hand Weapons
 a - a +1 war axe (weapon)
Armour
 b - a +0 scale mail (worn)
 l - a +0 tower shield (worn)
Jewellery
 f - a ring of willpower (left hand)
 i - a ring of resist corrosion (right hand)
Scrolls
 e - a scroll of fear
 j - a scroll of enchant armour
 k - a scroll of identify
 n - a scroll of enchant weapon
Potions
 d - a potion of might
 g - a potion of flight


   Skills:
 + Level 3.4 Fighting
 + Level 2.9 Axes
 + Level 3.8 Armour
 + Level 1.5 Dodging
 + Level 3.4 Shields


You had 3 spell levels left.
You didn't know any spells.
Your spell library was empty.

Dungeon Overview and Level Annotations

Branches:
Dungeon (3/15)

Altars:


Innate Abilities, Weirdness & Mutations

You have a beak for a mouth.
You have claws for feet.


Message History

You closely miss the ball python. You claw the ball python.
You kill the ball python!
You see here a ball python corpse.
Found a robe.
No target in view!
You see here a +0 robe.
You enter the shallow water.
Moving in this stuff is going to be slow.
Found a falchion.
No target in view!
Found a stone staircase leading up.
No target in view!
An ogre comes into view. It is wielding a +0 giant club.
The ogre shouts!
The ogre hits the plant with a +0 giant club!!
The plant begins to die.
An ogre is nearby!
No reachable target in view!
An ogre is nearby!
An ogre is nearby!
No reachable target in view!
An ogre is nearby!
No reachable target in view!
The ogre hits the plant with a +0 giant club!
The plant begins to die.
The ogre hits the plant with a +0 giant club!!
The ogre hits the plant with a +0 giant club!!
The plant begins to die.
A nearby plant withers and dies. x2
A nearby plant withers and dies.
You barely miss the ogre.
The ogre hits you with a +0 giant club!!
Ouch! That really hurt!
* * * LOW HITPOINT WARNING * * *
The ogre hits you but does no damage.
You hit the ogre. You claw the ogre. Your peck misses the ogre.
The ogre is moderately wounded.
The ogre hits you with a +0 giant club!!
Ouch! That really hurt!
You die...

#.# #.# #.# #.#
### #.# #.# ....
#.#####.##
.....####........#
##
~..........<.....#
.#
PPP..##.########.#
.### PP~~~##.##
#.# ... ~♣~P.P..@#
#.# .# P~~~♣PPO.#
#.# .# P~P~~♣~~~PP
#.# .#
#P~P~♣~~~P~P #.#
.# #...~♣~♣♣~PP#
#.# .#
##.PPPP♣♣≈~~~# #.#
.#######...~PP♣
~~~PP###.##
.........#.PP
♣~PPP.....#
####.#...PP~
PPPP####..#


You could see an ogre.

Vanquished Creatures
  3 adders (D:2)
  4 dart slugs
  An orc (D:3)
  3 endoplasms
  A giant cockroach (D:1)
  3 goblins
  A hobgoblin (D:1)
  A quokka (D:2)
  4 ball pythons
  4 bats
  2 frilled lizards
  6 kobolds
  7 rats
40 creatures vanquished.

Vanquished Creatures (others)
  5 plants (D:3)
5 creatures vanquished.

Grand Total: 45 creatures vanquished

Notes
Turn   | Place    | Note
-------+----------+-------------------------------------------
     0 | D:1      | qeuew the Tengu Fighter began the quest for the Orb.
     0 | D:1      | Reached XP level 1. HP: 14/14 MP: 2/2
   141 | D:1      | Reached XP level 2. HP: 19/19 MP: 3/3
   596 | D:1      | Reached skill level 1 in Dodging
   720 | D:2      | Reached XP level 3. HP: 23/23 MP: 4/4
  1209 | D:2      | Reached XP level 4. HP: 26/28 MP: 5/5
  1690 | D:3      | Noticed an ogre
  1700 | D:3      | Demolished by an ogre

Illustrated notes

Levels and vault maps discovered:
D:1:      minmay_arrival_nine_rooms, layout_loops_ring,
          minmay_misc_feat_ornament, minivault_11, kennysheep_boxes
D:2:      layout_loops_ring
D:3:      layout_loops_ring, lemuel_blue_sif_altar, hex_medium, fountainhead,
          serial_bayou_lagoon_a, fountainhead

Skill      XL: |  1  2 |
---------------+-------+-----
Dodging        | 1 |  1.5
Fighting       | |  3.4
Axes           | |  2.9
Armour         | |  3.8
Shields        | |  3.4

Action                   |  1- 3 |  4- 6 || total
-------------------------+-------+-------++-------
Melee: War axe           |    70 |    24 ||    94
       Kick              |     9 |     3 ||    12
       Peck              |     5 |       ||     5
  Use: Scroll            |     4 |     1 ||     5
       Potion            |     2 |     2 ||     4
Armor: Scale mail        |    33 |     8 ||    41
Dodge: Dodged            |    28 |     6 ||    34
Block: Buckler           |    13 |       ||    13
       Tower shield      |     6 |    15 ||    21

Table legend: (Time is in decaauts)
 A = Elapsed time spent in this place.
 B = Non-inter-level travel time spent in this place.
 C = Inter-level travel time spent in this place.
 D = Time resting spent in this place.
 E = Time spent auto-exploring this place.
 F = Levels seen in this place.
 G = Mean time per level.
                   A        B        C        D        E       F      G
               +--------+--------+--------+--------+--------+-----+--------+
         Total |   1762 |   1674 |     88 |      0 |   1370 |   3 |  587.3 |
       Dungeon |   1762 |   1674 |     88 |      0 |   1370 |   3 |  587.3 |
               +--------+--------+--------+--------+--------+-----+--------+

Top non-repeatable levels by time:
     D:2: 846 daAuts
     D:1: 745 daAuts
     D:3: 170 daAuts
